[Event "ECo-C Extraliga 2023-24"]
[Site "Slovakia"]
[Date "2024.01.21"]
[Round "6.1"]
[White "Navara, David"]
[Black "Karacsonyi, Gellert"]
[Result "*"]
[ECO "C50"]
[WhiteElo "2679"]
[BlackElo "2398"]
[Annotator "RC"]
[PlyCount "35"]
[EventDate "2023.10.06"]
[EventType "team-tourn"]
[EventCountry "SVK"]
[SourceTitle "playchess.com"]
[Source "ChessBase"]
[SourceQuality "1"]
[TimeControl "40/5400+30:1800+30"]

1. e4 e5 2. Bc4 Nf6 3. d3 Nc6 4. Nf3 Bc5 5. c3 a5 6. O-O d6 7. Re1 Ba7 8. Nbd2 O-O 9. Nf1 Be6 10. Bb5 Ne7 11. Ng3 Ng6 12. h3 d5 13. exd5 Bxd5 14. Ba4 Qd6 15. Nf5 Qe6 16. N5d4 Bxf3 17. Nxf3 Qf5 18. Rf1 *

[Event "ECo-C Extraliga 2023-24"]
[Site "Slovakia"]
[Date "2024.02.24"]
[Round "7"]
[White "Stalmach, Richard"]
[Black "Karacsonyi, Gellert"]
[Result "0-1"]
[ECO "D37"]
[WhiteElo "2433"]
[BlackElo "2398"]
[Annotator "RC"]
[PlyCount "112"]
[EventDate "2023.10.06"]
[EventType "team-tourn"]
[EventCountry "SVK"]
[SourceTitle "playchess.com"]
[Source "ChessBase"]
[SourceQuality "1"]
[TimeControl "40/5400+30:1800+30"]

1. d4 d5 2. c4 e6 3. Nf3 Nf6 4. Nc3 a6 5. cxd5 exd5 6. Qb3 c6 7. Bg5 Nbd7 8. e4 dxe4 9. Bc4 Qe7 10. Ne5 Nxe5 11. dxe5 b5 12. exf6 gxf6 13. Bh4 bxc4 14. Qxc4 Qe6 15. Qd4 Bg7 16. O-O Qe5 17. Qb4 Rb8 18. Qa4 f5 19. Rae1 Qc5 20. Rxe4+ fxe4 21. Nxe4 Qb6 22. Nd6+ Kf8 23. Re1 Be6 24. Rxe6 Qxb2 25. Re1 Qe5 26. Qd1 Qd5 27. Qe2 Kg8 28. Ne8 Qe6 29. Qd2 Qd5 30. Qe2 Qe6 31. Qd1 Qg6 32. Bg3 Rb5 33. Qd8 Bc3 34. Rd1 h5 35. h4 Kh7 36. Qe7 Rd5 37. Rc1 Rd3 38. Nd6 Bf6 39. Qe2 Rxg3 40. fxg3 Bd4+ 41. Kh2 Qxd6 42. Qxh5+ Kg8 43. Qg4+ Bg7 44. Qc8+ Bf8 45. Qg4+ Kh7 46. Qh5+ Kg7 47. Qg4+ Qg6 48. Qxg6+ fxg6 49. Rxc6 a5 50. Rc7+ Kf6 51. Rc8 Kf7 52. Rc7+ Be7 53. Ra7 Rh5 54. g4 Rd5 55. Kg3 Ke6 56. Kf4 Bxh4 0-1

[Event "ECo-C Extraliga 2023-24"]
[Site "Slovakia"]
[Date "2024.02.24"]
[Round "7"]
[White "Zylka, Stanislaw"]
[Black "Borosova, Zuzana"]
[Result "1-0"]
[ECO "B30"]
[WhiteElo "2411"]
[BlackElo "2215"]
[Annotator "TA"]
[PlyCount "77"]
[EventDate "2023.10.06"]
[EventType "team-tourn"]
[EventCountry "SVK"]
[SourceTitle "playchess.com"]
[Source "ChessBase"]
[SourceQuality "1"]
[TimeControl "40/5400+30:1800+30"]

1. e4 c5 2. Nf3 Nc6 3. Bb5 d6 4. O-O Bd7 5. Re1 a6 6. Bxc6 Bxc6 7. d4 cxd4 8. Qxd4 Nf6 9. Bg5 {[%emt 0:16:57] White has an edge.} Nd7 10. Nc3 h6 11. Bh4 Qb6 12. Qd2 e5 (12... g5 $5 13. Bg3 $8 Bg7 $11) 13. Rab1 g5 14. Bg3 Be7 15. b4 Qc7 16. a4 $1 {[%emt 0:02:56] Hoping for b5.} b6 17. h3 Rc8 18. Nh2 Bb7 19. Rb3 Qc4 (19... Nf6 $11) 20. Nf1 $16 Nf6 21. f3 (21. Ne3 $6 Qd4 22. Qxd4 exd4 $11) 21... Qd4+ 22. Bf2 (22. Qxd4 $16 exd4 23. Ne2) 22... Qxd2 $11 23. Nxd2 Nd7 24. Nf1 f5 $1 25. exf5 {[%emt 0:06:09] Threatening Rd1.} d5 26. Re2 Kf7 27. Rd2 $36 {[%emt 0:02:34][%mdl 2048] White has the initiative.} d4 28. Ne2 Bd5 29. Rb1 Nf6 {[%emt 0:00:45] [#]} (29... Ba2 $11 {remains equal.} 30. Rbd1 Rhd8 (30... Bxb4 31. c3 $16)) 30. Bg3 $1 $16 Nd7 {[%emt 0:00:34] [#]} ({Avoid the trap} 30... Ba2 $2 31. Rb2 $16) (30... e4 $1 $14) 31. c3 $1 Bc4 (31... e4 32. Rxd4) 32. cxd4 Bxe2 $2 (32... exd4 {was called for.} 33. Nxd4 Nf6) 33. dxe5 $18 {[%emt 0:00:31] Black must now prevent e6+. White is clearly winning.} (33. Rxe2 exd4 34. Bf2 d3 $18) 33... Bxf1 {[%emt 0:00:44] [#]} 34. e6+ $1 ({Not} 34. Rxf1 Nb8 $16) ({Weaker is} 34. Rxd7 Ke8 $16) (34. Kxf1 Nb8 35. b5 axb5 $16) 34... Kf6 35. exd7 Bc4 36. dxc8=Q Rxc8 37. Rd7 b5 38. Bf2 Bf8 39. g4 {[%emt 0:00:15] Weighted Error Value: White=0.16 (very precise) /Black=0.40.  Mistake:       	White=1     	Black=4      Inaccurate:     	White=1     	Black=4      OK:         	White=9     	Black=9      Best:        	White=3     	Black=2      Strong:       	White=3     	Black=1      Brilliant:      	White=1     	---} 1-0

[Event "ECo-C Extraliga 2023-24"]
[Site "Slovakia"]
[Date "2024.02.24"]
[Round "7"]
[White "Jurcik, Martin"]
[Black "Kukel, Imre"]
[Result "1-0"]
[ECO "B70"]
[WhiteElo "2359"]
[BlackElo "2271"]
[Annotator "ChessBase"]
[PlyCount "61"]
[EventDate "2023.10.06"]
[EventType "team-tourn"]
[EventCountry "SVK"]
[SourceTitle "playchess.com"]
[Source "ChessBase"]
[SourceQuality "1"]
[TimeControl "40/5400+30:1800+30"]

1. e4 c5 2. Nf3 d6 3. d4 cxd4 4. Nxd4 Nf6 5. Nc3 g6 6. Be2 Bg7 7. O-O Nc6 8. Nb3 O-O 9. Bg5 h6 10. Bh4 Be6 11. f4 b5 12. Bf3 Rc8 13. Bf2 a6 14. Nd5 Nd7 15. c3 b4 16. cxb4 Bxb2 17. Rb1 Bg7 18. a3 Kh8 19. Qe2 Ncb8 20. Na5 Nc5 21. Bxc5 dxc5 22. Nb7 Qd7 23. Nxc5 Bd4+ 24. Kh1 Bxc5 25. bxc5 Rxc5 26. Qe3 Rc4 27. Nb6 Qd4 28. Nxc4 Qxc4 29. f5 gxf5 30. exf5 Bxf5 31. Qe5+ 1-0

[Event "ECo-C Extraliga 2023-24"]
[Site "Slovakia"]
[Date "2024.02.24"]
[Round "7"]
[White "Jakab, Bela"]
[Black "Piesik, Piotr"]
[Result "1/2-1/2"]
[ECO "C15"]
[WhiteElo "2346"]
[BlackElo "2421"]
[Annotator "TA"]
[PlyCount "123"]
[EventDate "2023.10.06"]
[EventType "team-tourn"]
[EventCountry "SVK"]
[SourceTitle "playchess.com"]
[Source "ChessBase"]
[SourceQuality "1"]
[TimeControl "40/5400+30:1800+30"]

1. e4 e6 2. d4 d5 3. Nc3 Bb4 4. exd5 exd5 5. Bd3 Nc6 6. Nge2 Nge7 7. Bf4 Bf5 8. O-O Qd7 {[%emt 0:09:55] C01: French: Exchange Variation.} 9. Nb5 Ba5 10. c3 a6 11. Na3 O-O 12. Nc2 Ng6 $146 ({Predecessor:} 12... Rfe8 13. Ne3 Bg6 14. Bg3 Nf5 15. Nxf5 Bxf5 16. Re1 Ne7 17. Nf4 c6 18. Qc2 Bc7 19. Bxf5 Nxf5 {½-½ Maksimovic,B (2497)-Papasimakopoulos,A (2392) EU-ch Blitz Zagreb 2023 (4)}) 13. Ne3 Bxd3 14. Qxd3 Nce7 15. h3 c6 16. Rae1 f5 17. g3 Rae8 18. Ng2 Nc8 19. Nc1 Nxf4 20. Nxf4 Bc7 21. Rxe8 Rxe8 22. Ng2 Nd6 23. Re1 Re4 24. Kh2 f4 25. gxf4 Rxe1 $1 26. Nxe1 Nc4 27. Qg3 Nxb2 28. Ned3 Nc4 (28... Qf5 $5) 29. Ne5 Qf5 30. Qg4 Nd6 (30... Qxg4 {simplifies} 31. hxg4 Nd2 32. Ne2 g6) 31. Ne2 Qxg4 32. hxg4 Ba5 33. Kg2 (33. f5 $1 $15) 33... Ne4 ({Black should play} 33... g6 $1 $17 34. g5 Ne4) 34. c4 $11 Nc3 35. Nxc3 Bxc3 36. cxd5 cxd5 37. Nf3 $2 (37. f5 $1 $11) 37... g6 $19 38. Kf1 h5 39. g5 (39. Nh4 $17 {was worth a try.}) 39... Kf7 $19 40. Ke2 b5 41. Kd3 Bb4 42. Ne5+ Kg7 43. Nd7 Kf7 44. Ne5+ {[%emt 0:03:49] [#]} Ke6 $1 (44... Kg7 45. Nf3 $19) 45. Nxg6 Kf5 46. Ne5 $2 (46. Nh4+ Kxf4 47. g6) 46... Kxf4 47. g6 Bf8 48. Ke2 (48. Nd7 $142 Bg7 49. Ke2) 48... a5 49. Nc6 $2 {[%emt 0:02:37] [#]} (49. Nd7 Bh6 (49... Bg7 50. Nb6 $17) 50. Nf6) 49... a4 $1 $19 50. f3 (50. Nb4 $142 Ke4 (50... Bxb4 $2 {too greedy.} 51. g7 $18) 51. Na6) 50... Kf5 $19 51. Nb4 Ke6 (51... Bxb4 $2 52. g7 Bc3 53. g8=Q $18 (53. g8=R b4 $14)) 52. Nd3 Bd6 53. f4 b4 $2 (53... Kf6 $19 54. f5 b4 (54... Kxf5 $2 {is the wrong capture.} 55. g7 $18)) 54. Nc5+ $1 $11 Kf6 55. Nxa4 Kxg6 56. Nb6 Kf5 57. Kf3 Ke6 58. f5+ Kxf5 59. Nxd5 h4 60. Ne3+ Ke6 61. Kg4 Be7 62. Nc2 1/2-1/2

[Event "ECo-C Extraliga 2023-24"]
[Site "Slovakia"]
[Date "2024.02.24"]
[Round "7"]
[White "Terbe, Julianna"]
[Black "Jurcik, Marian"]
[Result "1/2-1/2"]
[ECO "D02"]
[WhiteElo "2315"]
[BlackElo "2404"]
[Annotator "TA"]
[PlyCount "208"]
[EventDate "2023.10.06"]
[EventType "team-tourn"]
[EventCountry "SVK"]
[SourceTitle "playchess.com"]
[Source "ChessBase"]
[SourceQuality "1"]
[TimeControl "40/5400+30:1800+30"]

1. d4 d5 2. Nf3 Nf6 3. g3 b5 4. Bg2 e6 5. O-O Be7 6. a4 b4 7. c4 bxc3 8. Nxc3 O-O 9. Bf4 Ba6 10. Re1 c6 11. Qc2 Nbd7 12. Rab1 Qa5 13. e4 Rfc8 14. e5 Ne8 15. Ng5 Nf8 16. Qd1 Rab8 17. Qf3 Rb7 18. Bd2 Bb4 19. h4 c5 20. dxc5 Rxc5 21. Be3 Rcc7 22. Bd4 Bc5 23. Bxc5 Qxc5 24. Bf1 Bxf1 25. Kxf1 a6 26. Qd3 Qc4 27. Red1 Nd7 28. Nf3 Qxd3+ 29. Rxd3 Rc4 30. b3 Rcb4 31. Ne2 Rxa4 32. Rc1 Rab4 33. Ned4 Rc7 34. Rxc7 Nxc7 35. Rc3 Rb7 36. Rc6 h6 37. Rd6 Nb5 38. Nxb5 axb5 39. b4 Kf8 40. Ra6 g6 41. Ke2 Rc7 42. Ra5 Rc2+ 43. Kf1 Rc1+ 44. Ke2 Rc2+ 45. Kf1 Rc4 46. Rxb5 Re4 47. Rb7 Nxe5 48. Nxe5 Rxe5 49. b5 Re4 50. b6 Rb4 51. Ke2 Kg7 52. Kd3 g5 53. h5 g4 54. Rb8 Kf6 55. Rg8 Rb3+ 56. Ke2 Kf5 ({Resist} 56... Rxb6 57. Rxg4 e5 58. Rg8) 57. Rg7 f6 $2 (57... Rxb6 $19 58. Rxf7+ Kg5 59. Rg7+ Kxh5) 58. b7 $15 e5 59. Kd2 Rb6 60. Kd3 Rb3+ (60... Ke6 $15) 61. Kc2 (61. Kd2 $1 $11) 61... Rb6 62. Kd3 $1 Ke6 63. Rc7 Rb3+ 64. Kc2 Rb5 65. Kd3 Kf5 $1 66. Rg7 Rb4 67. Kc3 $1 Rb6 68. Kd3 $1 Ke6 (68... d4 $15) 69. Rc7 $1 $11 Rb1 70. Kc2 $1 Rb5 71. Kd3 $1 Kd6 72. Rf7 Kc5 73. Rc7+ Kb4 ({Don't play} 73... Kd6 74. Rg7 $15) 74. Rc1 Ka3 $1 75. Rc5 Rxb7 76. Rxd5 Rb2 77. Ke3 Rb6 78. Rd8 f5 79. Rg8 Rb3+ 80. Ke2 Rb2+ 81. Kf1 Kb4 82. Rf8 Kc4 83. Rxf5 Kd4 84. Rf6 Ke4 85. Rxh6 Kf5 86. Rd6 Rb7 87. h6 Ra7 88. Ke2 Ra2+ 89. Rd2 Ra7 $1 90. Rd1 Ra2+ 91. Ke3 Ra3+ 92. Ke2 Ra2+ 93. Kd3 Ra3+ 94. Kc4 Ra8 $2 (94... Ra4+ $11 {and Black is okay.} 95. Kc3 Kg6) 95. Rh1 Ke4 {[#]} 96. Re1+ $2 ({Only move:} 96. Rh5 $1 $18) 96... Kf3 $11 97. Rxe5 Kxf2 98. h7 Kxg3 99. Kd4 Kf4 100. Re4+ Kf3 101. Re7 g3 102. Rf7+ Ke2 103. Rg7 Rh8 104. Rxg3 Rxh7 1/2-1/2

[Event "ECo-C Extraliga 2023-24"]
[Site "Slovakia"]
[Date "2024.02.24"]
[Round "7"]
[White "Molnar, Erno"]
[Black "Straka, Jozef"]
[Result "1/2-1/2"]
[ECO "C50"]
[WhiteElo "2256"]
[BlackElo "2272"]
[Annotator "TA"]
[PlyCount "55"]
[EventDate "2023.10.06"]
[EventType "team-tourn"]
[EventCountry "SVK"]
[SourceTitle "playchess.com"]
[Source "ChessBase"]
[SourceQuality "1"]
[TimeControl "40/5400+30:1800+30"]

1. e4 e5 2. Bc4 Nc6 3. Nf3 Be7 4. d4 exd4 5. Nxd4 d6 6. Nxc6 bxc6 7. O-O Nf6 8. Nc3 O-O 9. Bb3 Nd7 10. Be3 Bf6 11. Bd4 Nb6 12. a4 a5 13. Re1 Qe7 14. Qd2 Be6 15. Bxe6 Qxe6 16. Bxf6 Qxf6 17. b3 {[%emt 0:00:21] Es drohte Nc4} Rfe8 18. Rad1 Re6 19. Re3 Rae8 20. h3 h6 21. Rf3 Qe7 22. Qd3 Re5 23. Rg3 Rg5 24. Rxg5 Qxg5 25. Ne2 Qe5 26. Nc3 Re6 27. Qd4 Qg5 28. Qd2 {[%emt 0:00:15] Gewichteter Fehlerwert: Weiß=0.08 (makellos) /Schwarz=0.09 (makellos) .  Ungenau:       	Weiß=1     	Schwarz=3     OK:         	Weiß=7     	Schwarz=4} 1/2-1/2

[Event "ECo-C Extraliga 2023-24"]
[Site "Slovakia"]
[Date "2024.02.24"]
[Round "7"]
[White "Terbe, Zsuzsanna"]
[Black "Bulej, Matej"]
[Result "1-0"]
[ECO "D25"]
[WhiteElo "2170"]
[BlackElo "2013"]
[Annotator "RC"]
[PlyCount "45"]
[EventDate "2023.10.06"]
[EventType "team-tourn"]
[EventCountry "SVK"]
[SourceTitle "playchess.com"]
[Source "ChessBase"]
[SourceQuality "1"]
[TimeControl "40/5400+30:1800+30"]

1. d4 d5 2. c4 dxc4 3. Nf3 Nf6 4. e3 a6 5. Bxc4 e6 6. O-O c5 7. dxc5 Bxc5 8. Qxd8+ Kxd8 9. Ne5 Ke7 10. Be2 b5 11. a4 bxa4 12. Nc3 Bb7 13. Nxa4 Ba7 14. b3 Bd5 15. Ba3+ Ke8 16. Rfc1 Nbd7 17. Nc4 Ne4 18. Bf3 Ndc5 19. Ncb6 Rb8 20. Bxc5 Nxc5 21. Rxc5 Bxb3 22. Rc3 Bxa4 23. Nxa4 1-0

[Event "ECo-C Extraliga 2023-24"]
[Site "Slovakia"]
[Date "2024.02.24"]
[Round "7"]
[White "Kubala, Jan"]
[Black "Szegi, Tamas"]
[Result "1/2-1/2"]
[ECO "B42"]
[WhiteElo "2123"]
[BlackElo "2149"]
[Annotator "NA"]
[PlyCount "39"]
[EventDate "2023.10.06"]
[EventType "team-tourn"]
[EventCountry "SVK"]
[SourceTitle "playchess.com"]
[Source "ChessBase"]
[SourceQuality "1"]
[TimeControl "40/5400+30:1800+30"]

1. e4 c5 2. Nf3 e6 3. d4 cxd4 4. Nxd4 a6 5. Bd3 Qc7 6. O-O Nf6 7. Qe2 h5 8. Kh1 Bc5 9. Nb3 Ng4 10. f4 Ba7 11. Nc3 b5 12. e5 Bb7 13. Ne4 Bxe4 14. Bxe4 Nc6 15. Bd2 Qb6 16. Be1 Rc8 17. Rd1 Qe3 18. Qf3 Qxf3 19. Rxf3 f5 20. exf6 1/2-1/2

[Event "ECo-C Extraliga 2023-24"]
[Site "Slovakia"]
[Date "2024.02.24"]
[Round "7.1"]
[White "Saric, Ivan"]
[Black "Nemeth, Miklos"]
[Result "1/2-1/2"]
[ECO "C93"]
[WhiteElo "2689"]
[BlackElo "2440"]
[Annotator "RC"]
[PlyCount "126"]
[EventDate "2023.10.06"]
[EventType "team-tourn"]
[EventCountry "SVK"]
[SourceTitle "playchess.com"]
[Source "ChessBase"]
[SourceQuality "1"]
[TimeControl "40/5400+30:1800+30"]

1. e4 e5 2. Nf3 Nc6 3. Bb5 a6 4. Ba4 Nf6 5. O-O Be7 6. Re1 b5 7. Bb3 d6 8. c3 O-O 9. h3 a5 10. d4 Bd7 11. a3 a4 12. Bc2 Re8 13. Be3 h6 14. Nbd2 Bf8 15. Qe2 Qb8 16. Rad1 Qb7 17. g4 Nh7 18. Nf1 Rad8 19. Ng3 Na5 20. Kh2 c5 21. d5 b4 22. cxb4 cxb4 23. Bd2 bxa3 24. bxa3 Nb3 25. Bb4 Rc8 26. Bd3 Qb6 27. Nf5 Ng5 28. Nxg5 hxg5 29. Qe3 Qxe3 30. Nxe3 Red8 31. Nc4 Be8 32. Kg2 g6 33. Na5 Nd4 34. Rc1 f5 35. gxf5 gxf5 36. exf5 Bf7 37. Be4 Rxc1 38. Rxc1 Ne2 39. Nc6 Ra8 40. Rd1 Nf4+ 41. Kh2 Kg7 42. f3 Rc8 43. Kg3 Kf6 44. Ba5 Be7 45. Bd2 Bd8 46. Nxd8 Rxd8 47. Bb4 Ke7 48. Bd2 Kf6 49. Bxf4 exf4+ 50. Kf2 Rb8 51. Rc1 Ke5 52. Rc4 Bxd5 53. Bxd5 Kxd5 54. Re4 Rf8 55. h4 gxh4 56. Rxf4 h3 57. Rxa4 h2 58. Rh4 Ra8 59. Rxh2 Ke5 60. Kg3 Rg8+ 61. Kf2 Ra8 62. Rh6 Kxf5 63. Rxd6 Rxa3 1/2-1/2

[Event "ECo-C Extraliga 2023-24"]
[Site "Slovakia"]
[Date "2024.02.24"]
[Round "7.1"]
[White "Babula, Vlastimil"]
[Black "Chlpik, Martin"]
[Result "1-0"]
[ECO "A59"]
[WhiteElo "2535"]
[BlackElo "2281"]
[Annotator "ChessBase"]
[PlyCount "71"]
[EventDate "2023.10.06"]
[EventType "team-tourn"]
[EventCountry "SVK"]
[SourceTitle "playchess.com"]
[Source "ChessBase"]
[SourceQuality "1"]
[TimeControl "40/5400+30:1800+30"]

1. d4 Nf6 2. c4 c5 3. d5 b5 4. cxb5 a6 5. bxa6 g6 6. Nc3 Bxa6 7. e4 Bxf1 8. Kxf1 d6 9. g3 Bg7 10. Kg2 O-O 11. Nf3 Qb6 12. Qe2 Qa6 13. Re1 Nfd7 14. Nb5 Qb7 15. a4 Nb6 16. a5 N6d7 17. Bd2 Na6 18. Bc3 Nb4 19. Bxb4 cxb4 20. Nbd4 Rfc8 21. Nc6 Rxc6 22. dxc6 Qxc6 23. Rec1 Nc5 24. Rc4 Qa6 25. e5 dxe5 26. Re1 Qxa5 27. Rec1 Qa6 28. Qe3 e4 29. Nd4 Bxd4 30. Rxd4 Nd3 31. Rc7 Qf6 32. Rxe4 Nxf2 33. Qxf2 Qd6 34. Rcxe7 Qd5 35. Qd4 Qc6 36. Qc4 1-0

[Event "ECo-C Extraliga 2023-24"]
[Site "Slovakia"]
[Date "2024.02.24"]
[Round "7.1"]
[White "Ponizil, Cyril"]
[Black "Aczel, Gergely"]
[Result "1/2-1/2"]
[ECO "B12"]
[WhiteElo "2467"]
[BlackElo "2481"]
[Annotator "ChessBase"]
[PlyCount "52"]
[EventDate "2023.10.06"]
[EventType "team-tourn"]
[EventCountry "SVK"]
[SourceTitle "playchess.com"]
[Source "ChessBase"]
[SourceQuality "1"]
[TimeControl "40/5400+30:1800+30"]

1. e4 c6 2. d4 d5 3. e5 c5 4. Nf3 cxd4 5. Nxd4 Nc6 6. Nxc6 bxc6 7. Bd3 e6 8. O-O a5 9. c4 Ne7 10. Nd2 Ng6 11. Nf3 Be7 12. Qe2 O-O 13. g3 dxc4 14. Bxc4 Qc7 15. h4 Rd8 16. h5 Nf8 17. h6 Ng6 18. Bd3 Rxd3 19. Qxd3 Ba6 20. Qe4 Bb7 21. Qg4 c5 22. Kh2 Qc6 23. Ne1 Rd8 24. f4 gxh6 25. Be3 Qe4 26. Qf3 Qc4 1/2-1/2

[Event "ECo-C Extraliga 2023-24"]
[Site "Slovakia"]
[Date "2024.02.24"]
[Round "7.1"]
[White "Jablonicky, Martin"]
[Black "Ftacnik, Lubomir"]
[Result "1/2-1/2"]
[ECO "A48"]
[WhiteElo "2377"]
[BlackElo "2438"]
[Annotator "TA"]
[PlyCount "96"]
[EventDate "2023.10.06"]
[EventType "team-tourn"]
[EventCountry "SVK"]
[SourceTitle "playchess.com"]
[Source "ChessBase"]
[SourceQuality "1"]
[TimeControl "40/5400+30:1800+30"]

1. Nf3 Nf6 2. d4 g6 3. Bf4 Bg7 4. e3 O-O 5. Be2 c5 6. O-O d6 7. h3 Nc6 8. c3 cxd4 9. cxd4 Qb6 10. Nbd2 Be6 11. Ng5 Bd5 12. Qb1 e5 13. Bg3 h6 ({Of course not} 13... exd4 14. e4 Rfe8 15. Bg4 $14) 14. Ngf3 (14. dxe5 $15 {deserves consideration.} Nxe5 15. Nge4) 14... exd4 $17 15. Nxd4 Nxd4 16. exd4 Rfe8 17. Bf3 Qxd4 18. Rd1 Bxf3 19. Nxf3 Qa4 20. Rd4 {[%emt 0:04:53] Against Ne4} Qb5 21. a4 Qe2 {[%emt 0:01:38] And now ...Ne4 would win.} 22. Rd2 Qe4 23. Bxd6 Qxb1+ 24. Rxb1 Ne4 25. Rdd1 Rac8 26. Bf4 Rc2 27. Be3 Bxb2 28. Nd4 Bxd4 29. Bxd4 b6 30. a5 Nd2 31. Ra1 (31. Re1 $15 Rd8 32. Rb4) 31... Nb3 32. axb6 axb6 33. Bxb6 (33. Rab1 $17 Nxd4 34. Rxd4) 33... Nxa1 $19 34. Rxa1 $17 {[%emt 0:00:03][%mdl 4096] Endgame. KRR-KRB} Rc6 35. Be3 g5 36. g4 Kg7 37. Kg2 Kg6 38. Ra5 Ree6 39. h4 gxh4 40. Rh5 {[%emt 0:00:04] [#]} Rxe3 $2 41. fxe3 {[%emt 0:30:08] KR-KR. The position is equal.} Rc2+ 42. Kh3 Rc1 43. Rf5 Rh1+ 44. Kg2 Re1 45. Rf3 f6 46. Kh3 Rh1+ 47. Kg2 Ra1 48. Kh3 Rh1+ {[%emt 0:00:00] Whites escaped into a draw.   Weighted Error Value: White=0.12 (very precise) /Black=0.11 (very precise) .  Mistake:       	White=3     	Black=1      Inaccurate:     	White=3     	Black=2      OK:         	White=17    	Black=16     Best:        	White=1     	Black=2} 1/2-1/2

[Event "ECo-C Extraliga 2023-24"]
[Site "Slovakia"]
[Date "2024.02.24"]
[Round "7.2"]
[White "Mihok, Oliver"]
[Black "Mazur, Stefan"]
[Result "1/2-1/2"]
[ECO "C88"]
[WhiteElo "2535"]
[BlackElo "2440"]
[Annotator "TA"]
[PlyCount "140"]
[EventDate "2023.10.06"]
[EventType "team-tourn"]
[EventCountry "SVK"]
[SourceTitle "playchess.com"]
[Source "ChessBase"]
[SourceQuality "1"]
[TimeControl "40/5400+30:1800+30"]

1. e4 e5 2. Nf3 Nc6 3. Bb5 a6 4. Ba4 Nf6 5. O-O Be7 6. Re1 b5 7. Bb3 d6 8. c3 Na5 9. Bc2 c5 10. d4 Qc7 11. d5 O-O 12. b3 Bg4 13. h3 Bxf3 14. Qxf3 Nb7 15. Nd2 Nd7 16. Nf1 c4 17. b4 a5 18. Ng3 a4 19. Nf5 Rfe8 20. h4 Bf8 21. g3 Nd8 22. h5 g6 23. Nh6+ Bxh6 24. Bxh6 f6 25. hxg6 hxg6 26. Kg2 Nf7 27. Qg4 Nh8 28. Rh1 Re7 29. Rh4 Qc8 30. Rah1 Rh7 31. Qe6+ Nf7 32. Rg4 Nf8 33. Bxf8 Rxh1 34. Kxh1 Kxf8 35. Rxg6 Qxe6 36. dxe6 Ng5 37. Rxf6+ (37. Kg2 $16) 37... Ke7 $14 38. Rh6 Rf8 (38... Nf3 $1 $11 {keeps the balance.}) 39. Kg2 $16 Rf3 40. Bd1 $1 (40. Rh8 Rxc3 (40... Kxe6 41. Rh6+ Kd7 42. Rh5 $15) 41. Bd1 Nxe6 (41... Kxe6 $2 42. Bg4+ Ke7 43. Rh5 $19) 42. Rh7+ Kf8 $19) 40... Rf6 (40... Rxc3 41. Bg4 Ra3 (41... Nxe4 42. Rh7+ Kf6 43. e7) 42. Rg6 Nxe6 (42... Nxe4 43. Rg7+ Kf6 44. Rf7+ Kg5 45. e7 Nf6 46. Rxf6 Kxf6 47. e8=Q) 43. Rxe6+ $18) (40... Rf8 $16) 41. Rh4 $1 $18 Kxe6 (41... Rf8 {might work better.} 42. Rg4 (42. Bg4 Nxe4 43. f4 Nxc3 $11) 42... Kf6) 42. Bg4+ $18 Ke7 43. f3 Rf8 44. Rh6 Rg8 (44... Rd8 $142 45. Rg6 Nf7) 45. Bf5 $18 a3 46. Kf2 Rd8 (46... Nf7 $142 47. Re6+ Kd8) 47. Rg6 $18 Nf7 48. Be6 Nh8 (48... Rh8 $142) 49. Rh6 $2 (49. Rg8) 49... Nf7 $18 50. Bxf7 Kxf7 51. Rh7+ Kf6 52. Ra7 d5 53. Ra6+ (53. Rxa3 d4 $11) 53... Kg5 {[%emt 0:01:10] [#]} 54. exd5 $1 (54. Rxa3 dxe4 55. Ke3 (55. fxe4 Rd2+ 56. Ke1 Rg2 $14) 55... exf3 56. Kxf3 Rd3+ 57. Ke4 Kf6) 54... Rxd5 55. Rxa3 Kf5 56. Ra5 Rd2+ 57. Kf1 Rd3 58. Kg2 ({Worse is} 58. Rxb5 Rxf3+ 59. Ke1 Ke4 $11) 58... Rd2+ (58... Rxc3 {was necessary.} 59. Rxb5 Rc2+ 60. Kh3 Rxa2) 59. Kh3 $18 Rd3 60. Rxb5 Rxf3 {[%emt 0:00:07] [#]} 61. a4 $2 (61. Rc5 $1 $18 Rxc3 62. b5) 61... Rxc3 $11 62. a5 Ra3 63. Rc5 c3 64. Kh4 Ke4 65. a6 Kd3 (65... Rxa6 66. Rxc3 Kd4 67. b5) 66. Ra5 Rxa5 67. bxa5 c2 68. a7 c1=Q 69. a8=Q Qh6+ 70. Kg4 Qg6+ 1/2-1/2

[Event "ECo-C Extraliga 2023-24"]
[Site "Slovakia"]
[Date "2024.02.24"]
[Round "7.2"]
[White "Horvath, Csaba"]
[Black "Cernousek, Lukas"]
[Result "1/2-1/2"]
[ECO "A08"]
[WhiteElo "2493"]
[BlackElo "2447"]
[Annotator "TA"]
[PlyCount "120"]
[EventDate "2023.10.06"]
[EventType "team-tourn"]
[EventCountry "SVK"]
[SourceTitle "playchess.com"]
[Source "ChessBase"]
[SourceQuality "1"]
[TimeControl "40/5400+30:1800+30"]

1. Nf3 d5 2. g3 c5 3. Bg2 Nf6 4. O-O Nc6 5. d4 e6 6. c4 dxc4 7. Qa4 Bd7 8. Qxc4 cxd4 9. Nxd4 Rc8 10. Nc3 Nxd4 11. Qxd4 Bc5 12. Qh4 Bc6 13. Rd1 Qa5 14. Bg5 Be7 15. Bxc6+ Rxc6 {[%emt 0:00:08] White is slightly better.} 16. Ne4 Qf5 17. Bxf6 Bxf6 18. Nxf6+ Qxf6 19. Qxf6 gxf6 20. Rac1 Rxc1 21. Rxc1 $11 {[%emt 0:00:02][%mdl 4096] Endgame. KR-KR} Kd7 {[%emt 0:00:15] Repels Rc8} 22. Kg2 Rg8 23. Rc4 Rg5 24. Rf4 Ke7 25. Rc4 Kd7 {[%emt 0:00:03] Against Rc7+} 26. Rh4 h5 27. Rf4 Ke7 28. Rc4 Kd7 {[%emt 0:02:56] Against Rc7+} 29. Kf3 a5 {[%emt 0:05:55] The position is equal.} 30. h4 Rb5 31. b3 f5 32. Kf4 f6 33. f3 Re5 34. e4 b5 35. Rd4+ Ke7 36. Rd2 fxe4 37. fxe4 Rc5 38. g4 hxg4 39. Kxg4 Rc1 40. Rg2 Kd6 41. Kh5 Rc8 42. Rg7 Rh8+ 43. Kg4 Ke5 44. Rg6 Rd8 45. h5 Rd1 46. h6 Rg1+ 47. Kh5 Rh1+ 48. Kg4 b4 49. Kf3 Rh3+ 50. Kg4 Rh2 (50... Rh1 $5) 51. Kg3 Rh1 {[%emt 0:00:08] [#] ( -> ...Rg1+)} 52. Kf3 f5 53. exf5 Kxf5 54. Rg7 Rh3+ 55. Kg2 $1 Rxh6 56. Ra7 Ke4 {[%emt 0:03:23] [#] aiming for ...Rg6+.} 57. Rxa5 Kd4 58. Ra4 Kc3 {[%emt 0:00:06] Threatens to win with ...e5.} 59. a3 bxa3 60. Rxa3 e5 {[%emt 0:00:34] Weighted Error Value: White=0.03 (flawless) /Black=0.01 (flawless) .  OK:         	White=16    	Black=27     Best:        	White=4     	Black=1      Strong:       	White=1     	---} 1/2-1/2

[Event "ECo-C Extraliga 2023-24"]
[Site "Slovakia"]
[Date "2024.02.24"]
[Round "7.2"]
[White "Bokros, Albert"]
[Black "Laurusas, Tomas"]
[Result "1/2-1/2"]
[ECO "A34"]
[WhiteElo "2460"]
[BlackElo "2590"]
[Annotator "RC"]
[PlyCount "57"]
[EventDate "2023.10.06"]
[EventType "team-tourn"]
[EventCountry "SVK"]
[SourceTitle "playchess.com"]
[Source "ChessBase"]
[SourceQuality "1"]
[TimeControl "40/5400+30:1800+30"]

1. e4 c5 2. Nf3 e6 3. c4 Nc6 4. Nc3 Nf6 5. Be2 Qb6 6. O-O Be7 7. d3 d6 8. Rb1 O-O 9. a3 a5 10. h3 Bd7 11. Be3 e5 12. Bg5 Qd8 13. Qd2 Be6 14. Nd5 h6 15. Bxf6 Bxf6 16. Bd1 Be7 17. Ne3 Bg5 18. Ba4 f5 19. exf5 Bxf5 20. Bxc6 bxc6 21. Qe2 Bg6 22. Nxg5 Qxg5 23. b4 axb4 24. axb4 cxb4 25. Rxb4 Ra3 26. Rd1 Kh7 27. Rb6 Rc8 28. Rb7 Bh5 29. Ng4 1/2-1/2